 Dungeon Crawl Stone Soup version 0.30-a0-140-gd1020e658a (webtiles) character file.

Game seed: 9682048747777675808

4 Darkkill the Digger (level 1, -3/16 HPs)
             Began as a Demonspawn Wanderer on Sept 24, 2022.
             Slain by a goblin
             ... wielding a +0 dagger
              (4 damage)
             ... on level 1 of the Dungeon.
             The game lasted 00:00:52 (97 turns).

Darkkill the Digger (Demonspawn Wanderer)             Turns: 97, Time: 00:00:52

Health: -3/16      AC:  2    Str: 12    XL:     1   Next: 58%
Magic:  3/3        EV: 11    Int: 15    God:
Gold:   16         SH:  0    Dex: 10    Spells: 4/4 levels left

rFire   . . .      SeeInvis .    g - +2 dagger (elec)
rCold   . . .      Faith    .    (no shield)
rNeg    . . .      Spirit   .    c - +0 robe
rPois   .          Reflect  .    (no helmet)
rElec   .          Harm     .    (no cloak)
rCorr   .          Rampage  .    (no gloves)
Will    .....                    (no boots)
Stlth   +.........               (no amulet)
HPRegen 0.05/turn                (no ring)
MPRegen 0.08/turn                (no ring)

@: no status effects
A: no striking features
a: no special abilities


You were on level 1 of the Dungeon.
You visited 1 branch of the dungeon, and saw 1 of its levels.

You collected 16 gold pieces.

Inventory:

Hand Weapons
 a - a +0 club
 g - a +2 dagger of electrocution (weapon)
Armour
 c - a +0 robe (worn)
Jewellery
 e - an amulet of regeneration
Scrolls
 f - a scroll of brand weapon {unknown}
Potions
 b - a potion of might


   Skills:
 + Level 2.0 Fighting
 + Level 0.3 Maces & Flails
 + Level 1.0 Dodging
 + Level 2.0 Spellcasting
 + Level 2.0 Summonings
 + Level 2.8 Earth Magic


You had 4 spell levels left.
You didn't know any spells.
Your spell library contained the following spells:

 Spells                   Type           Power      Damage    Failure   Level
 Sandblast                Erth           18%        2d7       7%          1
 Summon Small Mammal      Summ           28%        N/A       10%         1
 Passwall                 Tmut/Erth      4%         N/A       19%         2
 Call Canine Familiar     Summ           7%         N/A       28%         3
 Petrify                  Tmut/Erth      5%         N/A       77%         4


Dungeon Overview and Level Annotations

Branches:
Dungeon (1/15)

Altars:


Message History

You closely miss the hobgoblin. The hobgoblin misses you.
The rat bites you but does no damage.
You hit the hobgoblin.
The hobgoblin is heavily wounded.
The rat barely misses you.
The hobgoblin hits you but does no damage.
You closely miss the hobgoblin.
The hobgoblin is heavily wounded.
The goblin hits you with a +0 dagger. The rat barely misses you.
The hobgoblin hits you.
You hit the hobgoblin.
You kill the hobgoblin!
The rat completely misses you.
A goblin comes into view. It is wielding a +0 club.
The goblin closely misses you.
A dart slug comes into view.
Found a scale mail.
The goblin hits you with a +0 dagger. The rat misses you.
You hit the rat but do no damage. The dart slug launches a dart at you.
The slug dart hits you. The goblin barely misses you. The rat bites you.
* * * LOW HITPOINT WARNING * * *
You hit the rat.
The rat is severely wounded.
The rat barely misses you. The goblin hits you with a +0 dagger.
* * * LOW HITPOINT WARNING * * *
You hit the rat.
You kill the rat!
The goblin hits you with a +0 dagger.
* * * LOW HITPOINT WARNING * * *
Read: scroll of butterflies
Press: ? - help, Q - select action, (/) - cycle Dir - look around, f - activate
As you read the scroll of butterflies, it crumbles to dust.
You hear the tinkle of a tiny bell.
The goblin closely misses you. The goblin misses your butterfly.
You hit the goblin but do no damage.
The goblin hits your butterfly with a +0 club.
Your butterfly dies!
Your butterfly disappears in a burst of colours!
The goblin hits you with a +0 dagger.
You die...

#.#..##
#.#.#.# ##
.[..
...#..#
..##...#
....####
#..b.bb#
.<.....+
#.bbw..#
....####
#bbbb..#
...#..#
#.bgbb##..
#.#.#.#
#b.b.bb...
#.#..##
#.# #g@bb#
#.#### #.#


#bbbb# #'# #.# #bbbb# ..# ##.#####bbbb# ### #.......bb### ###### #.........#
.....# #.........# #..#.###.........# ........#.######## You could see a dart
slug (ally target) and 2 goblins.

Vanquished Creatures
  An endoplasm (D:1)
  A hobgoblin (D:1)
  A bat (D:1)
  A goblin (D:1)
  A rat (D:1)
5 creatures vanquished.

Notes
Turn   | Place    | Note
-------+----------+-------------------------------------------
     0 | D:1      | Darkkill the Demonspawn Wanderer began the quest for the
                  | Orb.
     0 | D:1      | Darkkill set off with the following items: a +0 club, a
                  | potion of might, a +0 robe, a scroll of butterflies; and
                  | the following spells available to memorise: Sandblast,
                  | Summon Small Mammal, Passwall, Call Canine Familiar,
                  | Petrify.
     0 | D:1      | Reached XP level 1. HP: 16/16 MP: 3/3
    97 | D:1      | Slain by a goblin

Illustrated notes

Levels and vault maps discovered:
D:1:      nzn_arrival_crosshair, layout_basic, minmay_tripent

Action                   || total
-------------------------++-------
Melee: Dagger            ||    12
       Club              ||     2
  Use: Scroll            ||     1
Armor: Robe              ||     2
Dodge: Dodged            ||    15

Table legend: (Time is in decaauts)
 A = Elapsed time spent in this place.
 B = Non-inter-level travel time spent in this place.
 C = Inter-level travel time spent in this place.
 D = Time resting spent in this place.
 E = Time spent auto-exploring this place.
 F = Levels seen in this place.
 G = Mean time per level.
                   A        B        C        D        E       F      G
               +--------+--------+--------+--------+--------+-----+--------+
         Total |     97 |     97 |      0 |      0 |      9 |   1 |   97.0 |
       Dungeon |     97 |     97 |      0 |      0 |      9 |   1 |   97.0 |
               +--------+--------+--------+--------+--------+-----+--------+

Top non-repeatable levels by time:
     D:1: 97 daAuts
